 Dungeon Crawl Stone Soup version 0.31.0 (webtiles) character file.

Game seed: 6028848888565894549

1631 monsoonserge the Ruffian (level 8, 0/61 HPs)
             Began as a Gnoll Shapeshifter on Jan 19, 2024.
             Was an Initiate of Okawaru.
             Slain by an orc warrior
             ... wielding a +0 mace
              (15 damage)
             ... on level 6 of the Dungeon.
             The game lasted 00:20:03 (6988 turns).

monsoonserge the Ruffian (Gnoll Shapeshifter)       Turns: 6988, Time: 00:20:04

Health: 0/61       AC:  1    Str: 16    XL:     8   Next: 98%
Magic:  13/13      EV: 18    Int: 16    God:    Okawaru [......]
Gold:   355        SH:  0    Dex: 11    Spells: 12/14 levels left

rFire   . .          .
                       - Unarmed
rCold   . . .        (shield currently unavailable)
rNeg    . . .        a - melded +0 animal skin
rPois   .            (no helmet)
rElec   .            E - +0 cloak
rCorr   .            (no gloves)
SInv    .            (no boots)
Will    .....        y - amulet of regeneration
Stlth   +            m - +6 ring of intelligence
HPRegen 1.10/turn    (no ring)
MPRegen 0.13/turn

%: no passive effects
@: flux-form, glowing
A: glow, contaminating, fangs 1, strong nose, distributed training
a: Begin Untransformation, Renounce Religion


You were on level 6 of the Dungeon.
You worshipped Okawaru.
Okawaru was noncommittal.
You were something dangerously unstable.
You visited 1 branch of the dungeon, and saw 7 of its levels.
You also visited: Sewer and Ossuary.

You collected 355 gold pieces.

Inventory:

Hand Weapons
 x - a +2 hand axe of flaming
 A - the +4 flail "Ukesaov" {speed, ^Fragile rN+ Will+ Int+6}
   (You found it on level 4 of the Dungeon)

   Int+6:     It affects your intelligence (+6).
   rN+:       It protects you from negative energy.
   Will+:     It increases your willpower.
   ^Fragile:  It will be destroyed if unequipped.
 D - a +1 dire flail of protection
Missiles
 l - 8 javelins
 r - 24 poisoned darts (quivered)
Armour
 a - a +0 animal skin (melded)
 h - a +0 ring mail
 u - a +2 scale mail of poison resistance
 E - a +0 cloak (worn)
Magical Staves
 e - a staff of air
Jewellery
 m - a +6 ring of intelligence (left hand)
 y - an amulet of regeneration (around neck)
Talismans
 c - a beast talisman
 d - a flux talisman (active)
Scrolls
 f - 3 scrolls of enchant weapon {unknown}
 i - 2 scrolls of fog {unknown}
 j - 3 scrolls of immolation {unknown}
 s - 3 scrolls of revelation {unknown}
 t - a scroll of blinking {unknown}
 w - 3 scrolls of teleportation
 B - 3 scrolls of enchant armour {unknown}
 C - a scroll of vulnerability {unknown}
 H - a scroll of amnesia {unknown}
 I - a scroll of torment {unknown}
Potions
 b - 2 potions of lignification
 g - a potion of curing
 k - a potion of resistance
 n - 4 potions of heal wounds
 o - a potion of might
 p - 2 potions of brilliance
 q - a potion of magic
 v - 3 potions of attraction
 z - a potion of haste
 F - 2 potions of degeneration {unknown}
 G - a potion of enlightenment {unknown}


   Skills:
 + Level 4.7 Fighting
 + Level 3.9 Short Blades
 + Level 3.9 Long Blades
 + Level 3.9 Axes
 + Level 3.9 Maces & Flails
 + Level 3.9 Polearms
 + Level 3.9 Staves
 + Level 3.9 Ranged Weapons
 + Level 3.9 Throwing
 + Level 3.9 Armour
 + Level 6.1 Dodging
 + Level 3.9 Stealth
 + Level 3.9 Shields
 + Level 7.7 Unarmed Combat
 + Level 3.9 Spellcasting
 + Level 3.2 Conjurations
 + Level 3.2 Hexes
 + Level 3.2 Summonings
 + Level 3.2 Necromancy
 + Level 3.2 Translocations
 + Level 3.2 Fire Magic
 + Level 3.2 Ice Magic
 + Level 3.2 Air Magic
 + Level 3.2 Earth Magic
 + Level 3.2 Alchemy
 + Level 4.2 Invocations
 + Level 3.9 Evocations
 + Level 7.5 Shapeshifting


You had 12 spell levels left.
You knew the following spells:

 Your Spells              Type           Power      Damage    Failure   Level
a - Blink                 Tloc           26%        N/A       7%          2

Your spell library contained the following spells:

 Spells                   Type           Power      Damage    Failure   Level
 Magic Dart               Conj           52%        1d5       4%          1
 Slow                     Hex            52%        N/A       4%          1
 Cigotuvi's Dreadful Rot  Necr/Alch/Air  26%        N/A       7%          2
 Lesser Beckoning         Tloc           26%        N/A       7%          2
 Momentum Strike          Conj/Tloc      26%        3d8       7%          2
 Searing Ray              Conj           26%        2d5       7%          2
 Confusing Touch          Hex            13%        N/A       14%         3
 Sigil of Binding         Hex            13%        N/A       14%         3
 Vampiric Draining        Necr           13%        2d6       14%         3
 Dispel Undead            Necr           13%        3d9       41%         4
 Fulminant Prism          Conj/Alch      6%         3d7       41%         4
 Summon Small Mammal      Summ           Unusable   N/A       N/A         1
 Call Canine Familiar     Summ           Unusable   N/A       N/A         3
 Martyr's Knell           Necr/Summ      Unusable   N/A       N/A         4
 Summon Blazeheart Golem  Fire/Summ      Unusable   N/A       N/A         4
 Death Channel            Necr           Unusable   N/A       N/A         6

Dungeon Overview and Level Annotations

Branches:
Dungeon (7/15)              Sewer (visited)         Ossuary (visited)
 Temple: D:4-7

Altars:
Ashenzari
Cheibriados
Elyvilon
Fedhas
Gozag
Hepliaklqana
Nemelex Xobeh
Okawaru
Ru
Trog
Uskayaw
Vehumet
Zin
The Shining One


Innate Abilities, Weirdness & Mutations

You are something dangerously unstable.
You glow with magical radiation, making you easy to see and hit.
Foes you strike become dangerously contaminated with magical radiation.
You are incapable of wielding weapons or throwing items.
You have very sharp teeth.
Your uncanny sense of smell can sniff out nearby items.
Your experience applies equally to all skills.


Message History

The orc warrior hits you with a +0 mace.
You climb upwards.
There is a stone staircase leading down here.
Unknown command.
Okay, then.
You miss the orc wizard. The orc warrior closely misses you.
The orc wizard misses you.
The orc wizard hits you with a +0 dagger.
You closely miss the orc wizard. Your bite misses the orc wizard.
The orc warrior misses you. The orc wizard closely misses you.
The orc wizard points at you and mumbles some strange words.
The puff of flame hits you!
* * * LOW HITPOINT WARNING * * *
You feel better. The orc warrior completely misses you.
The orc wizard casts a spell at you. The magic dart hits you!
* * * LOW HITPOINT WARNING * * *
The orc wizard hits you with a +0 dagger.
* * * LOW HITPOINT WARNING * * *
Okay, then.
You punch the orc wizard!
The orc wizard begins to glow.
You bite the orc wizard, but do no damage.
The orc wizard is heavily wounded.
The orc warrior misses you. The orc wizard barely misses you. x2
You hit the orc wizard.
The orc wizard glows dangerously bright.
Your bite misses the orc wizard.
The orc wizard is severely wounded.
The orc warrior barely misses you.
The orc wizard hits you with a +0 dagger.
* * * LOW HITPOINT WARNING * * *
The orc wizard hits you with a +0 dagger.
* * * LOW HITPOINT WARNING * * *
You hit the orc wizard.
The orc wizard shudders as magic cascades through it!
You kill the orc wizard!
Okawaru accepts your kill.
You closely miss the orc wizard. The orc wizard barely misses you.
The orc warrior hits you with a +0 mace!
You die...

#######.......######..######.#
+...........#.# #..# #.#
#######.....#.# #..# #.# #
##.#'##.# #..# #.#
########.#.###### #..######.#
##.........####.# #..<#.##..#
##.##...........# #.#.#....##
##......#.#.#.#o## #.#.#.####
...............op###.#.#.#
####.##.#.#.#.#).#...#...####
#.##..........#.########.#
#....#.#.#.#..#..........####
###...........#..#.....#....##
####.#.#.#.#..#..#.###.#.##..#
#.............#..#.# #.#^###.#
#.......###...####.# #.#..##.#
#.......##..#.####.# #.##.##.#


You could see an orc warrior and an orc wizard.

Vanquished Creatures
  Edmund (D:5)
  A water moccasin (D:6)
  An orc warrior (D:6)
  An ogre (D:5)
  A phantom (D:5)
  An elf zombie (Ossuary)
  3 scorpions
  A howler monkey (D:6)
  2 hounds
  2 human zombies (Ossuary)
  2 jellies
  An orc priest (D:6)
  2 iguanas (D:5)
  A gnoll bouda (D:5)
  4 orc wizards
  5 mummies
  6 gnolls (D:5)
  12 adders
  7 river rats
  A shadow imp (D:6)
  3 white imps
  3 adder zombies (Ossuary)
  A dart slug (D:1)
  12 orcs
  15 ball pythons
  11 endoplasms
  A giant cockroach (D:2)
  11 goblins
  7 hobgoblins
  4 jackals (D:5)
  6 quokkas
  8 bats
  4 frilled lizards
  A gnoll zombie (Ossuary)
  A goblin zombie (D:6)
  3 hobgoblin zombies
  A jackal zombie (Ossuary)
  12 kobolds
  An orc zombie (Ossuary)
  23 rats
  A rat zombie (Ossuary)
184 creatures vanquished.

Notes
Turn   | Place    | Note
-------+----------+-------------------------------------------
     0 | D:1      | monsoonserge the Gnoll Shapeshifter began the quest for the
                  | Orb.
     0 | D:1      | Reached XP level 1. HP: 17/17 MP: 1/1
   173 | D:1      | Reached XP level 2. HP: 19/23 MP: 2/2
   431 | D:1      | Reached XP level 3. HP: 26/28 MP: 3/3
   820 | D:2      | Reached skill level 1 in Invocations
   828 | D:2      | Reached skill level 1 in Short Blades
   828 | D:2      | Reached skill level 1 in Long Blades
   828 | D:2      | Reached skill level 1 in Axes
   828 | D:2      | Reached skill level 1 in Maces & Flails
   828 | D:2      | Reached skill level 1 in Polearms
   828 | D:2      | Reached skill level 1 in Staves
   828 | D:2      | Reached skill level 1 in Ranged Weapons
   828 | D:2      | Reached skill level 1 in Throwing
   828 | D:2      | Reached skill level 1 in Armour
   828 | D:2      | Reached skill level 1 in Stealth
   828 | D:2      | Reached skill level 1 in Shields
   828 | D:2      | Reached skill level 1 in Spellcasting
   828 | D:2      | Reached skill level 1 in Evocations
  1127 | D:2      | Found a bloodstained altar of Trog.
  1503 | D:2      | Reached XP level 4. HP: 29/34 MP: 5/5
  1717 | D:3      | Found a faded altar of an unknown god.
  1730 | D:3      | Reached skill level 1 in Conjurations
  1730 | D:3      | Reached skill level 1 in Hexes
  1730 | D:3      | Reached skill level 1 in Summonings
  1730 | D:3      | Reached skill level 1 in Necromancy
  1730 | D:3      | Reached skill level 1 in Translocations
  1730 | D:3      | Reached skill level 1 in Fire Magic
  1730 | D:3      | Reached skill level 1 in Ice Magic
  1730 | D:3      | Reached skill level 1 in Air Magic
  1730 | D:3      | Reached skill level 1 in Earth Magic
  1730 | D:3      | Reached skill level 1 in Alchemy
  1771 | D:3      | Found a glowing drain.
  1840 | Sewer    | Entered a sewer
  1929 | Sewer    | Reached XP level 5. HP: 35/40 MP: 7/7
  2702 | D:3      | Learned a level 2 spell: Blink
  3050 | D:3      | Reached XP level 6. HP: 42/47 MP: 8/8
  3399 | D:3      | Found a blossoming altar of Fedhas.
  3715 | D:4      | Reached skill level 5 in Dodging
  4063 | D:4      | Found a hazy altar of Hepliaklqana.
  4110 | D:4      | Found an opulent altar of Gozag.
  4216 | D:4      | Found a sacrificial altar of Ru.
  4236 | D:4      | Became a worshipper of Ru the Awakened
  4342 | D:4      | Identified the +4 flail "Ukesaov" {speed, ^Fragile rN+
                  | Will+ Int+6}
  5017 | D:5      | Entered Level 5 of the Dungeon
  5033 | D:5      | Reached XP level 7. HP: 51/52 MP: 10/10
  5040 | D:5      | Found a glowing golden altar of the Shining One.
  5040 | D:5      | Found a glowing silver altar of Zin.
  5300 | D:5      | Noticed Edmund
  5347 | D:5      | Found a sparkling altar of Nemelex Xobeh.
  5350 | D:5      | Found a hide-covered altar of Uskayaw.
  5362 | D:5      | Found a snail-covered altar of Cheibriados.
  5364 | D:5      | Found a broken altar of Ashenzari.
  5366 | D:5      | Found a white marble altar of Elyvilon.
  5726 | D:5      | Reached XP level 8. HP: 60/60 MP: 12/12
  5748 | D:5      | Killed Edmund
  5956 | D:6      | Found a sand-covered staircase.
  5960 | Ossuary  | Entered an ossuary
  6579 | D:6      | Found an iron altar of Okawaru.
  6592 | D:6      | Fell from the grace of Ru
  6592 | D:6      | Became a worshipper of Warmaster Okawaru
  6942 | D:6      | Noticed a yak
  6946 | D:6      | Noticed a yak
  6949 | D:6      | Noticed a gargoyle
  6950 | D:6      | Noticed a yak
  6952 | D:6      | Noticed a yak
  6973 | D:7      | Found a radiant altar of Vehumet.
  6988 | D:6      | Slain by an orc warrior

Illustrated notes

Levels and vault maps discovered:
D:1:      eino_arrival_tree_alley, layout_rooms
D:2:      kennysheep_big_flooded_room, layout_loops_corners, basic_altar,
          corexii_item_surrounded_by_moat, chequers_serial_rivers_micro_a
D:3:      layout_loops_corners, mainiacjoe_overflow_alcove_4,
          chequers_ecumenical_altar_simple_redux, cheibrodos_sewer_entry_sluice,
          saegor_snake_ambush
D:4:      wander_river, layout_layer_cave, nzn_hepliaklqana_mist_gate, tgw_sif,
          nicolae_overflow_crystal_walls, lemuel_round_altar, grunt_ministairs_9
D:5:      layout_rooms, nicolae_overflow_hallway_of_the_gods, uniq_edmund
D:6:      layout_basic, mainiacjoe_overflow_cross_hatched,
          serial_co_window_serial, co_window_paths_a, co_window_cross_1,
          co_window_of_opportunity_a, co_window_corner_a, co_window_corner_a,
          co_window_broadway_b, co_window_2corner, co_window_2corner,
          co_window_of_opportunity_b, co_window_cross_2, glass_columns_c,
          glass_columns_a, glass_columns_b, glass_columns_b,
          nicolae_ossuary_entry_giza, minmay_manual_maat,
          uniq_crazy_yiuf_cottage
D:7:      minmay_angry_zag, layout_basic, mainiacjoe_overflow_tiny_flanked,
          lemuel_coloured_pillars_altar, minmay_temple_entry_trees,
          enter_bailey_3, serial_glass, glass_columns_c, glass_columns_b,
          glass_columns_b, glass_columns_a, glass_columns_c

Skill      XL: |  1  2  3  4  5  6  7  8 |
---------------+-------------------------+-----
Invocations    | 1 2 3 4 |  4.2
Short Blades   | 1 2 3 |  3.9
Long Blades    | 1 2 3 |  3.9
Axes           | 1 2 3 |  3.9
Maces & Flails | 1 2 3 |  3.9
Polearms       | 1 2 3 |  3.9
Staves         | 1 2 3 |  3.9
Ranged Weapons | 1 2 3 |  3.9
Throwing       | 1 2 3 |  3.9
Armour         | 1 2 3 |  3.9
Stealth        | 1 2 3 |  3.9
Shields        | 1 2 3 |  3.9
Spellcasting   | 1 2 3 |  3.9
Evocations     | 1 2 3 |  3.9
Conjurations   | 1 2 3 |  3.2
Hexes          | 1 2 3 |  3.2
Summonings     | 1 2 3 |  3.2
Necromancy     | 1 2 3 |  3.2
Translocations | 1 2 3 |  3.2
Fire Magic     | 1 2 3 |  3.2
Ice Magic      | 1 2 3 |  3.2
Air Magic      | 1 2 3 |  3.2
Earth Magic    | 1 2 3 |  3.2
Alchemy        | 1 2 3 |  3.2
Fighting       | 3 4 |  4.7
Dodging        | 5 6 |  6.1
Unarmed Combat | 7 |  7.7
Shapeshifting  | 7 |  7.5

Action                     |  1- 3 |  4- 6 |  7- 9 || total
---------------------------+-------+-------+-------++-------
  Melee: Unarmed           |   106 |   256 |   288 ||   650
         Bite              |     6 |    31 |    42 ||    79
    Use: Potion            |       |       |     5 ||     5
         Scroll            |       |       |     7 ||     7
   Stab: Sleeping          |       |     1 |       ||     1
 Armour: Skin              |    31 |    80 |   141 ||   252
         Animal skin       |     4 |       |       ||     4
  Dodge: Dodged            |    84 |   240 |   263 ||   587
   Form: Flux              |     1 |       |       ||     1
